Map: Lightshade LE

Players

Massa - Winner!

  • Race: Terran Terran
  • League: Platinum
  • Spawn Location: 11:00

Wanderer

  • Race: Zerg Zerg
  • League: Platinum
  • Spawn Location: 5:00

VOD

Have the link to the VOD?

Description

Time

  • Played on: Jan. 23, 2021, 5:08 p.m.
  • Length: 14:26
Show
View Real Time Build Order
Export as new Build Order

Massa Terran - Winner!

Build Orders: 2 Factory 

Get SALT Encoding   

  12  0:00  SCV  
  13  0:12  SCV  
  14  0:20  Supply Depot  
  14  0:24  SCV  
  15  0:41  SCV  
  16  0:43  Barracks  
  16  0:45  Refinery  
  16  0:54  SCV  
  17  1:06  SCV  
  18  1:18  SCV  
  19  1:30  Orbital Command  
  19  1:41  Barracks Reactor  
  19  1:48  Command Center  
  19  1:56  SCV  
  19  1:58  Refinery  
  20  2:07  Supply Depot  
  20  2:09  SCV  
  21  2:18  Factory  
  21  2:20  Marine  
  21  2:21  Marine  
  23  2:28  SCV  
  24  2:37  Marine  
  24  2:39  Marine  
  24  2:40  SCV  
  27  2:55  Marine  
  27  2:57  Marine  
  27  2:58  Factory  
  29  3:02  Hellion  
  29  3:04  Orbital Command  
  30  3:13  Marine  
  31  3:25  Hellion  
  34  3:27  SCV  
  34  3:39  SCV  
  35  3:42  Factory Tech Lab  
  35  3:53  Barracks Reactor, Hellion  
  35  3:54  Hellion  
  39  4:05  SCV  
  39  4:06  SCV  
  41  4:10  Infernal Pre-Igniter  
  41  4:12  Hellion  
  41  4:15  Hellion  
  45  4:18  SCV  
  46  4:25  Supply Depot  
  46  4:31  Supply Depot x3  
  46  4:32  Supply Depot  
  46  4:33  Marine x2  
  46  4:36  Hellion  
  46  4:40  Supply Depot  
  46  4:47  SCV x2, Hellion x2  
  52  4:57  Hellion  
  52  4:58  Supply Depot  
  52  4:59  SCV x2  
  56  5:05  Starport  
  56  5:08  Marine x2  
  56  5:09  Hellion  
  60  5:15  Hellion  
  60  5:19  Hellion  
  60  5:21  Armory  
  64  5:30  Hellion  
  51  5:55  Marine x2  
  51  6:04  Hellion x3  
  57  6:13  Marine x2  
  59  6:25  Hellion x3  
  65  6:42  SCV x2  
  65  6:46  Hellion  
  65  6:47  Hellion x2  
  71  6:54  SCV x2  
  63  7:06  SCV x2  
  54  7:14  Marine x2  
  54  7:16  Siege Tank  
  54  7:18  Starport Tech Lab  
  52  7:23  Refinery  
  52  7:24  Refinery  
  52  7:30  Starport  
  52  7:31  Starport  
  52  7:32  Marine x2, Command Center  
  54  7:41  Terran Vehicle Weapons Level 1  
  54  7:43  Banshee  
  57  7:45  Cloaking Field  
  57  7:52  Widow Mine x3  
  57  7:57  Marine x2  
  65  8:04  Barracks  
  65  8:06  Barracks  
  61  8:15  Marine x2  
  54  8:29  Widow Mine x3  
  54  8:33  Marine x2  
  62  8:38  Starport Tech Lab x2  
  62  8:48  Refinery  
  62  8:49  SCV  
  62  8:50  Widow Mine x2, SCV, Siege Tank  
  62  8:51  Marine x2  
  73  8:58  Barracks Tech Lab  
  73  8:59  Barracks Tech Lab  
  73  9:01  SCV  
  73  9:02  SCV  
  75  9:04  Drilling Claws  
  75  9:09  Marine x2  
  77  9:12  Widow Mine x2  
  77  9:13  SCV  
  82  9:17  Banshee  
  82  9:22  Siege Tank  
  88  9:24  Refinery  
  88  9:26  Marine  
  88  9:27  Marine  
  88  9:28  Orbital Command  
  88  9:30  SCV x2  
  92  9:42  SCV x2  
  92  9:44  Marine  
  91  9:54  SCV x2  
  81  10:09  Banshee x3  
  86  10:17  Combat Shield, Stimpack  
  86  10:19  Marauder x2, Marine x2  
  89  10:37  Marine x2  
  89  10:40  Marine x2  
  93  10:51  Banshee  
  93  10:52  Banshee  
  93  10:55  Marine x2  
  101  11:05  Marauder  
  101  11:06  Marauder  
  101  11:07  Siege Tank  
  101  11:08  Widow Mine x2  
  101  11:11  Banshee  
  112  11:12  Marine  
  112  11:13  Marine  
  113  11:27  Marauder x2  
  117  11:34  Marine  
  117  11:35  Banshee  
  117  11:38  Widow Mine, Banshee  
  117  11:41  Siege Tank  
  117  11:43  Widow Mine  
  113  11:54  Banshee  
  107  12:00  Marauder x2, Marine  
  107  12:01  Marine  
  116  12:06  Supply Depot  
  116  12:07  Supply Depot  
  116  12:09  Supply Depot x2  
  116  12:10  Supply Depot x2  
  116  12:14  Siege Tank  
  115  12:18  Banshee  
  115  12:21  Banshee  
  115  12:22  Marauder x2  
  105  12:35  Supply Depot  
  105  12:36  Banshee, Supply Depot  
  101  12:43  Marauder x2  
  101  12:44  Marine x2  
  106  12:46  Widow Mine x2  
  106  12:47  Widow Mine  
  105  13:01  Marine  
  105  13:04  Marauder  
  105  13:05  Marauder  
  99  13:07  Widow Mine  
  98  13:26  Marauder x2  
  93  13:36  Marine  
  93  13:37  Marine  
  95  13:47  Marauder  
  95  13:48  Marauder, Command Center  
  99  13:49  Widow Mine x2  
  99  13:50  Widow Mine  
  99  13:51  Medivac  
  99  13:54  Marine x2  
Show
View Real Time Build Order
Export as new Build Order

Wanderer Zerg 

Build Orders: Hatch First 

Get SALT Encoding   

  12  0:01  Drone  
  13  0:13  Overlord  
  13  0:29  Drone  
  13  0:32  Drone x2  
  16  0:50  Hatchery  
  16  0:55  Drone  
  16  0:57  Drone  
  17  1:11  Drone  
  18  1:14  Extractor  
  17  1:18  Spawning Pool  
  17  1:19  Drone  
  17  1:24  Drone  
  18  1:35  Drone  
  19  1:46  Overlord  
  19  2:08  Zergling x4  
  19  2:09  Zergling x2  
  19  2:12  Queen  
  19  2:14  Queen  
  26  2:18  Drone x2  
  26  2:20  Metabolic Boost  
  28  2:32  Drone x2  
  30  2:57  Drone x2  
  32  2:58  Overlord x2  
  32  3:01  Drone x2  
  34  3:17  Overlord x2  
  34  3:23  Lair  
  34  3:28  Queen, Baneling Nest  
  34  3:31  Drone x6  
  42  3:41  Drone  
  42  3:55  Hatchery  
  41  4:02  Roach Warren, Zergling x2  
  42  4:03  Zergling x8  
  45  4:18  Overlord  
  45  4:24  Zergling x10  
  49  4:39  Baneling  
  49  4:40  Baneling x3  
  49  4:45  Centrifical Hooks  
  49  4:51  Drone x4  
  53  5:00  Drone  
  53  5:01  Drone  
  55  5:10  Extractor, Drone x2  
  55  5:14  Roach x3  
  60  5:16  Zergling x6  
  60  5:18  Overlord x3  
  65  5:27  Extractor  
  65  5:28  Extractor  
  49  5:52  Roach x4  
  56  5:59  Zergling x4  
  56  6:00  Zergling x12  
  64  6:15  Roach x2  
  68  6:24  Roach  
  68  6:25  Roach x3  
  74  6:33  Roach x2  
  78  6:46  Roach x3  
  70  7:02  Roach x2  
  70  7:03  Roach x3  
  76  7:23  Overlord x2  
  76  7:24  Overlord x5  
  76  7:35  Overlord  
  76  7:39  Hatchery  
  75  7:45  Glial Reconstitution  
  75  7:52  Drone x2  
  75  7:53  Drone x2  
  75  7:56  Queen  
  61  8:32  Roach x6  
  61  8:33  Roach x2  
  77  8:44  Queen  
  77  8:46  Drone x2  
  81  8:48  Overseer  
  81  8:50  Overseer  
  81  8:52  Pneumatized Carapace  
  81  8:57  Overseer  
  81  9:06  Drone x4  
  81  9:07  Drone x5  
  90  9:14  Drone x3  
  93  9:22  Overseer  
  93  9:36  Evolution Chamber  
  92  9:39  Evolution Chamber  
  92  9:40  Extractor  
  92  9:41  Extractor, Roach x3  
  92  9:42  Roach x5  
  105  9:46  Ravager x6  
  98  10:09  Roach x6  
  98  10:10  Roach x5  
  120  10:23  Roach x3  
  120  10:28  Zerg Ground Armor Level 1  
  126  10:29  Zerg Missile Weapons Level 1  
  126  11:03  Queen  
  128  11:05  Hydralisk Den  
  79  11:53  Roach x2  
  79  11:54  Roach x16  
  89  12:09  Zergling x2  
  89  12:10  Zergling x16  
  85  12:26  Hydralisk x2  
  74  12:36  Hydralisk  
  70  12:37  Hydralisk x5  
  79  12:44  Spore Crawler  
  60  12:57  Hydralisk  
  60  12:58  Hydralisk x3  
  58  13:10  Hydralisk x2  
  25  13:55  Zergling x4, Hydralisk Den  
  25  13:56  Zergling x14  
  33  14:04  Spore Crawler  
  33  14:05  Spore Crawler  
  33  14:07  Spore Crawler  
Tags
 
Add a new tag
Caveats
  • Supply blocks, unpowered buildings, or Contaminate may cause inaccurate times.
  • Supply counts are checked every 10 seconds.